Map: 2000 Atmospheres LE

Players

ByuN - Winner!

  • Race: Terran Terran

MarineLorD

  • Race: Terran Terran
  • League: Master

VOD

Have the link to the VOD?

Description

Time

  • Played on: Oct. 21, 2021, 9:06 a.m.
  • Length: 6:38
Show
View Real Time Build Order
Export as new Build Order

ByuN Terran - Winner!

Build Orders:  

Get SALT Encoding   

  12  0:00  SCV  
  13  0:12  SCV  
  14  0:17  Supply Depot  
  14  0:24  SCV  
  15  0:39  SCV  
  15  0:40  Barracks  
  16  0:45  Refinery  
  16  0:56  Barracks  
  16  1:01  SCV  
  17  1:13  SCV  
  17  1:14  Refinery  
  18  1:27  Reaper  
  18  1:28  Orbital Command  
  19  1:39  Supply Depot  
  19  1:43  Reaper  
  20  1:53  SCV  
  21  2:00  Reaper  
  22  2:06  SCV  
  23  2:11  Factory  
  23  2:18  SCV  
  23  2:19  Reaper  
  25  2:26  Supply Depot  
  25  2:31  SCV  
  25  2:34  Reaper  
  27  2:43  SCV  
  27  2:52  Reaper  
  27  2:57  Hellion  
  31  3:01  SCV  
  31  3:10  Command Center  
  31  3:16  SCV  
  33  3:20  Factory Tech Lab  
  33  3:22  Barracks Reactor  
  32  3:27  Starport  
  32  3:29  SCV  
  33  3:37  Supply Depot  
  33  3:42  Siege Tank  
  33  3:45  SCV  
  37  3:57  SCV  
  37  3:59  Marine x2  
  40  4:04  Medivac  
  40  4:08  Refinery  
  40  4:09  SCV  
  40  4:19  Marine x2  
  40  4:21  SCV  
  41  4:28  Cyclone  
  44  4:33  SCV  
  46  4:45  SCV  
  46  4:46  Orbital Command  
  46  4:48  Marine, Starport Tech Lab  
  46  4:49  Marine  
  48  4:57  SCV  
  49  5:05  Siege Tank  
  49  5:06  Marine x2  
  54  5:11  Raven  
  57  5:18  SCV x2  
  58  5:25  Supply Depot  
  58  5:30  SCV  
  58  5:31  SCV  
  58  5:32  Marine  
  59  5:42  Marine  
  55  5:43  SCV x2  
  55  5:45  Siege Tank  
  56  5:50  Marine  
  56  5:55  SCV x2  
  61  6:00  Marine  
  61  6:02  Supply Depot  
  61  6:03  Supply Depot  
  62  6:07  SCV x2  
  62  6:08  Marine  
  65  6:18  Marine, Command Center  
  66  6:19  SCV x2  
Show
View Real Time Build Order
Export as new Build Order

MarineLorD Terran 

Build Orders:  

Get SALT Encoding   

  12  0:00  SCV  
  13  0:12  SCV  
  14  0:17  Supply Depot  
  14  0:24  SCV  
  15  0:38  SCV  
  15  0:41  Barracks  
  16  0:44  Refinery  
  16  0:50  SCV  
  16  0:53  Refinery  
  17  1:03  SCV  
  18  1:15  SCV  
  19  1:28  Reaper, Orbital Command  
  19  1:29  Supply Depot  
  20  1:42  Factory  
  21  1:54  SCV  
  21  2:01  Barracks Reactor  
  21  2:06  SCV  
  22  2:17  Command Center  
  22  2:19  SCV  
  23  2:29  Hellion  
  24  2:31  SCV  
  25  2:37  Reaper x2  
  25  2:43  SCV  
  26  2:55  SCV  
  27  2:59  Hellion  
  27  3:00  Supply Depot  
  29  3:07  Command Center  
  29  3:11  Reaper x2  
  31  3:22  SCV, Hellion  
  34  3:35  SCV  
  34  3:37  Starport  
  34  3:39  Supply Depot  
  35  3:46  Marine x2  
  35  3:47  SCV  
  35  3:48  Factory Tech Lab  
  38  3:56  Supply Depot  
  38  3:59  SCV  
  39  4:03  Marine  
  39  4:04  Marine  
  40  4:20  Starport Tech Lab, Cyclone  
  40  4:21  SCV  
  44  4:25  Orbital Command  
  43  4:33  Marine x2, SCV  
  44  4:43  Raven  
  44  4:45  SCV  
  43  4:54  Siege Tank  
  43  4:55  Refinery  
  43  4:58  SCV  
  47  5:01  Orbital Command  
  47  5:06  Marine x2  
  49  5:10  SCV  
  49  5:23  SCV  
  49  5:24  Marine x2  
  52  5:32  Siege Tank  
  50  5:37  SCV  
  50  5:42  Marine  
  51  5:47  SCV  
  41  5:58  Marine  
  41  5:59  SCV x2  
  41  6:00  Marine  
  41  6:02  Command Center  
  46  6:11  SCV  
  46  6:12  SCV  
  47  6:23  SCV  
  47  6:24  SCV  
Tags
 
Add a new tag
Caveats
  • Supply blocks, unpowered buildings, or Contaminate may cause inaccurate times.
  • Supply counts are checked every 10 seconds.